 Dungeon Crawl Stone Soup version 0.31.0-32-g396128a36d (webtiles) character file.

Game seed: 10686001944296811568

47772 chippings the Thaumaturge (level 14, -1/115 HPs)
             Began as a Grey Draconian Conjurer on Mar 29, 2024.
             Was an Initiate of Gozag.
             Killed by an exploding tyrant leech (10 damage)
             ... ignited by their inner flame
             ... on level 5 of the Lair of Beasts on Apr 1, 2024.
             The game lasted 00:58:30 (21156 turns).

chippings the Thaumaturge (DrCj)                   Turns: 21156, Time: 00:58:31

Health: -1/115     AC: 16    Str: 11    XL:     14   Next: 9%
Magic:  23/30      EV: 14    Int: 28    God:    Gozag
Gold:   1043       SH:  0    Dex: 10    Spells: 27/37 levels left

rFire   + + .        M - +7 great mace "Firestarter" {flame, immolate, rFlCloud rF++}
rCold   . . .        (shield currently unavailable)
rNeg    . . .        (body armour unavailable)
rPois   +            (helmet restricted)
rElec   .            c - +1 cloak
rCorr   .            (no gloves)
SInv    .            C - +0 pair of boots
Will    +....        (no amulet)
Stlth   +++          q - ring of poison resistance
HPRegen 0.39/turn    s - +6 ring of intelligence
MPRegen 0.22/turn

%: no passive effects
@: gold aura
A: AC +13, amphibious, unfitting armour, cold-blooded
a: Renounce Religion, Potion Petition, Call Merchant, Bribe Branch


You were on level 5 of the Lair of Beasts.
You worshipped Gozag.
Gozag was most pleased with you.
You visited 2 branches of the dungeon, and saw 16 of its levels.

You collected 4115 gold pieces.
You spent 2301 gold pieces at shops.
You paid 771 gold pieces to Gozag.

Inventory:

Hand Weapons
 J - a +1 whip of venom
 M - the +7 great mace "Firestarter" (weapon) {flame, immolate, rFlCloud rF++}
   (You bought it in a shop on level 9 of the Dungeon)

   rFlCloud:  It grants immunity to clouds of flame.
   rF++:      It greatly protects you from fire.
Missiles
 u - 5 throwing nets (quivered)
Armour
 c - a +1 cloak (worn)
 C - a +0 pair of boots (worn)
Jewellery
 d - a ring of willpower
 q - a ring of poison resistance (left hand)
 s - a +6 ring of intelligence (right hand)
 B - a ring of ice
 H - a ring of wizardry
 L - a ring of protection from fire
 Q - a +6 ring of intelligence
Talismans
 f - a granite talisman
 i - a blade talisman
Wands
 h - a wand of acid (4)
 r - a wand of roots (9)
 t - a wand of charming (1)
 R - a wand of mindburst (10)
 T - a wand of polymorph (2)
Scrolls
 b - 2 scrolls of amnesia
 g - a scroll of torment
 k - 2 scrolls of summoning
 m - 3 scrolls of vulnerability
 w - a scroll of revelation
 y - a scroll of enchant weapon
 z - 4 scrolls of teleportation
 D - 3 scrolls of immolation
 F - a scroll of silence
 G - 2 scrolls of noise
 K - 2 scrolls of fog
 V - a scroll of enchant armour
Potions
 a - 7 potions of brilliance
 e - 8 potions of curing
 j - 2 potions of berserk rage
 l - 3 potions of attraction
 n - 2 potions of heal wounds
 o - 2 potions of resistance
 p - 2 potions of ambrosia
 x - 2 potions of might {unknown}
 A - 2 potions of lignification
 E - 2 potions of mutation
 N - a potion of magic
 P - a potion of enlightenment


   Skills:
 - Level 8.0 Fighting
 + Level 11.8 Maces & Flails
 - Level 8.0 Dodging
 - Level 6.0 Stealth
 - Level 12.0 Spellcasting
 - Level 8.0 Conjurations
 - Level 8.0 Translocations
 - Level 8.0 Alchemy


You had 27 spell levels left.
You knew the following spells:

 Your Spells              Type           Power      Damage    Failure   Level
b - Searing Ray           Conj           100%       2d8       1%          2
c - Fulminant Prism       Conj/Alch      28%        3d13      1%          4
d - Iskenderun's Mystic   Conj/Tloc      57%        2d12      1%          4

Your spell library contained the following spells:

 Spells                   Type           Power      Damage    Failure   Level
 Magic Dart               Conj           100%       1d8       1%          1
 Volatile Blastmotes      Fire/Tloc      78%        2d16      1%          3
 Summon Small Mammal      Summ           64%        N/A       3%          1
 Call Canine Familiar     Summ           16%        N/A       10%         3
 Summon Blazeheart Golem  Fire/Summ      16%        N/A       32%         4


Dungeon Overview and Level Annotations

Branches:
Dungeon (11/15)            Temple (0/1) D:4            Lair (5/5) D:11
 Shoals (0/4) Lair:2       Spider (0/4) Lair:3          Orc (0/2) D:11
  Slime: Lair:4-5

Altars:
Ashenzari
Cheibriados
Dithmenos
Elyvilon
Gozag
Kikubaaqudgha
Makhleb
Okawaru
Ru
Sif Muna
Trog
Uskayaw
Vehumet
Wu Jian
Xom
Yredelemnul
Zin

Shops:
D:8 (   D:9 (   D:10 ?

Annotations:
Lair:3 3 runed translucent doors, kougar's ghost, journeyman TrFi


Innate Abilities, Weirdness & Mutations

Your dull iron-grey scales are very hard. (AC +13)
You are amphibious.
You cannot fit into any form of body armour.
You are cold-blooded and may be slowed by cold attacks.


Message History

The bush is lightly damaged.
The mystic blast hits the tyrant leech!
Flame seeps out of the tyrant leech.
The tyrant leech is severely wounded.
The tyrant leech is knocked back by the mystic blast.
Unknown command.
Casting: Iskenderun's Mystic Blast (mildly dangerous; 1% risk of failure)
Confirm with . or Enter, or press ? or * to list all spells.
Aiming: Fulminant Prism (mildly dangerous; 1% risk of failure)
Press: ? - help, Dir - move target You conjure a prism of explosive energy!
A fulminant prism comes into view.
The blink frog's inner flame fades away.
Unknown command.
You barely miss the tyrant leech.
You tail-slap the tyrant leech, but do no damage.
The tyrant leech is severely wounded.
The tyrant leech bites you!!
* * * LOW HITPOINT WARNING * * *
The tyrant leech draws strength from your injuries!
Your fulminant prism crackles loudly.
You hit the tyrant leech.
Flame seeps out of the tyrant leech.
You burn the tyrant leech.
Flame seeps out of the tyrant leech.
The tyrant leech is severely wounded.
A nearby plant withers and dies.
The tyrant leech is engulfed in blazing flames.
Flame seeps out of the tyrant leech.
The tyrant leech bites you!!
* * * LOW HITPOINT WARNING * * *
The tyrant leech draws strength from your injuries!
Your fulminant prism explodes!
The blast of energy engulfs the blink frog!!
The blink frog is heavily wounded.
The blast of energy engulfs the bush!
The bush is lightly damaged.
The blast of energy engulfs the blink frog!!
The blink frog is almost dead.
The blast of energy engulfs the tyrant leech!!
The tyrant leech explodes!
The fiery explosion engulfs you! You resist.
You die...
Your body crumbles into a pile of gold.

##....$.$$............#.
#.....#....$.....#...##
##....$.$.............#
##$$#..$.........$....#
#$P....F$..$P..#.......#
#P.............#.......#
##...).§P§....#..#.....#
##..$..F○...............
#....$.@.§...$....
#..$#.#.#...$.P.
#P........#...#
##P.......# ...
##..P...P... ..
#...#........
#...P.#.......
#.....P.......
##..#......


You could see 2 blink frogs.

Vanquished Creatures
  Harold (D:10)
  Erolcha (D:9)
  2 centaur warriors (D:8)
  3 hydras
  Erica (Lair:1)
  2 two-headed ogres
  3 death yaks (Lair:4)
  2 boulder beetles
  Urug (Lair:1)
  2 skysharks
  A pharaoh ant (Lair:3)
  A skeletal warrior (D:8)
  An oklob plant (Lair:1)
  An ugly thing (D:11)
  9 elephants
  A black mamba (Lair:5)
  2 gargoyles (D:11)
  9 komodo dragons
  14 cane toads
  A kobold demonologist (D:8)
  3 rime drakes
  Jeremiah (D:6)
  3 polar bears (Lair:4)
  A troll (D:8)
  2 hornets
  A tyrant leech (Lair:5)
  21 blink frogs
  Prince Ribbit (D:5)
  A jumping spider (Lair:3)
  7 dream sheep (Lair:4)
  Sigmund (D:2)
  2 water elementals (D:11)
  6 wyverns
  41 yaks
  A wraith (D:10)
  3 basilisks
  A redback (Lair:3)
  3 vampire mosquitoes
  2 steam dragons
  Menkaure (D:6)
  11 water moccasins
  A swamp drake (D:11)
  7 orc warriors
  3 sky beasts
  5 black bears
  2 ice beasts
  7 wolves (Lair:3)
  8 centaurs
  4 kobold brigands
  14 bullfrogs
  Blork the orc (D:5)
  6 scorpions
  6 wights
  13 killer bees
  8 electric eels (D:11)
  2 bombardier beetles
  5 howler monkeys
  2 jellies
  2 hounds
  4 orc priests
  2 iguanas
  9 orc wizards
  5 adders
  12 gnolls
  A white imp (D:8)
  2 dart slugs
  A ribbon worm (D:3)
  37 orcs
  4 ball pythons
  4 bats
  3 endoplasms
  3 giant cockroaches
  8 hobgoblins
  2 quokkas
  3 frilled lizards
  6 goblins
  19 kobolds
  2 rats
  A fulminant prism (Lair:1)
395 creatures vanquished.

Vanquished Creatures (collateral kills)
  A hydra (Lair:4)
  A vampire mosquito (Lair:4)
  2 bullfrogs (Lair:4)
4 creatures vanquished.

Vanquished Creatures (others)
  An unseen horror (D:11)
  An orc (D:11)
  213 fulminant prisms
215 creatures vanquished.

Grand Total: 614 creatures vanquished

Notes
Turn   | Place    | Note
-------+----------+-------------------------------------------
     0 | D:1      | chippings the Draconian Conjurer began the quest for the
                  | Orb.
     0 | D:1      | Reached XP level 1. HP: 14/14 MP: 3/3
   211 | D:1      | Reached XP level 2. HP: 20/20 MP: 0/5
   214 | D:1      | Learned a level 2 spell: Searing Ray
  1379 | D:2      | Noticed Sigmund
  1417 | D:2      | HP: 1/20 [something/puff of flame (10)]
  1418 | D:2      | Killed Sigmund
  1419 | D:2      | Reached skill level 3 in Spellcasting
  1419 | D:2      | Reached skill level 5 in Conjurations
  1419 | D:2      | Reached XP level 3. HP: 2/26 MP: 2/8
  1419 | D:2      | Reached XP level 4. HP: 2/33 MP: 2/9
  1419 | D:2      | Reached XP level 5. HP: 2/38 MP: 2/10
  1607 | D:2      | Found a glowing silver altar of Zin.
  1647 | D:2      | Found a faded altar of an unknown god.
  1863 | D:2      | Reached skill level 4 in Spellcasting
  1890 | D:2      | Learned a level 4 spell: Fulminant Prism
  1898 | D:2      | Learned a level 4 spell: Iskenderun's Mystic Blast
  1941 | D:3      | Found an opulent altar of Gozag.
  1961 | D:3      | Became a worshipper of Gozag Ym Sagoz the Greedy
  2112 | D:3      | Found an iron altar of Okawaru.
  2421 | D:3      | Reached skill level 1 in Translocations
  2421 | D:3      | Reached skill level 1 in Alchemy
  2421 | D:3      | Reached XP level 6. HP: 45/45 MP: 6/12
  2624 | D:3      | Found a bloodstained altar of Trog.
  2842 | D:4      | Found a shimmering blue altar of Sif Muna.
  2854 | D:4      | Found a broken altar of Ashenzari.
  3251 | D:4      | Found a burning altar of Makhleb.
  3364 | D:4      | Found a staircase to the Ecumenical Temple.
  3652 | D:5      | Entered Level 5 of the Dungeon
  3665 | D:5      | Noticed Blork the orc
  3680 | D:5      | Killed Blork the orc
  3744 | D:5      | Your scales start taking on a dull iron-grey colour.
  3744 | D:5      | Reached XP level 7. HP: 39/50 MP: 8/14
  4009 | D:5      | Noticed Prince Ribbit
  4019 | D:5      | Killed Prince Ribbit
  4020 | D:5      | Reached skill level 5 in Spellcasting
  4473 | D:5      | Found an ornate altar of the Wu Jian Council.
  4480 | D:5      | Reached skill level 6 in Spellcasting
  4480 | D:5      | Reached XP level 8. HP: 55/57 MP: 10/17
  4934 | D:6      | Reached skill level 1 in Fighting
  5345 | D:6      | Found a shadowy altar of Dithmenos.
  5345 | D:6      | Noticed Menkaure
  5368 | D:6      | Killed Menkaure
  5949 | D:6      | Reached XP level 9. HP: 51/70 MP: 15/19
  6019 | D:6      | Noticed Jeremiah
  6029 | D:6      | Killed Jeremiah
  6316 | D:7      | Reached skill level 7 in Spellcasting
  7085 | D:8      | Reached skill level 5 in Stealth
  7310 | D:8      | Found a white marble altar of Elyvilon.
  7620 | D:8      | Reached skill level 5 in Fighting
  7742 | D:8      | Reached XP level 10. HP: 80/81 MP: 14/21
  7774 | D:8      | Noticed a skeletal warrior
  7776 | D:8      | Noticed a centaur warrior
  7845 | D:8      | Found Dutip's Antique Weapon Boutique.
  7935 | D:8      | Killed a skeletal warrior
  8127 | D:8      | Killed a centaur warrior
  8128 | D:8      | Reached skill level 5 in Dodging
  8553 | D:8      | Noticed a centaur warrior
  8564 | D:8      | Killed a centaur warrior
  8565 | D:8      | Reached skill level 8 in Spellcasting
  8885 | D:8      | Noticed a two-headed ogre
  8916 | D:8      | Killed a two-headed ogre
  8917 | D:8      | Reached skill level 9 in Spellcasting
  9000 | D:8      | Noticed a centaur warrior
  9369 | D:8      | Noticed a manticore
  9526 | D:9      | Noticed Erolcha
  9528 | D:9      | Reached XP level 11. HP: 89/89 MP: 10/24
  9647 | D:9      | Found Bot Ymeugi's Antique Weapon Shop.
  9670 | D:9      | Killed Erolcha
  9671 | D:9      | Reached skill level 10 in Spellcasting
 10018 | D:9      | Found a snail-covered altar of Cheibriados.
 10047 | D:9      | Found an ancient bone altar of Kikubaaqudgha.
 10135 | D:9      | Found a hide-covered altar of Uskayaw.
 10136 | D:9      | Found a radiant altar of Vehumet.
 10359 | D:9      | Found a glowing silver altar of Zin.
 10359 | D:9      | Noticed an angel
 10442 | D:10     | Entered Level 10 of the Dungeon
 10449 | D:10     | Found a sacrificial altar of Ru.
 10814 | D:10     | Reached skill level 1 in Maces & Flails
 10818 | D:10     | Noticed Harold
 10928 | D:10     | Found Foen's Magic Scroll Boutique.
 10949 | D:10     | Bought a scroll of identify for 28 gold pieces
 10949 | D:10     | Bought a scroll of fog for 56 gold pieces
 10949 | D:10     | Bought a scroll of teleportation for 42 gold pieces
 10949 | D:10     | Bought a scroll of fog for 56 gold pieces
 10949 | D:10     | Bought 3 scrolls of identify for 84 gold pieces
 10949 | D:10     | Bought a scroll of teleportation for 42 gold pieces
 11079 | D:10     | Killed Harold
 11096 | D:10     | Found a basalt altar of Yredelemnul.
 11448 | D:11     | Noticed a two-headed ogre
 11454 | D:11     | Reached skill level 5 in Alchemy
 11475 | D:11     | Killed a two-headed ogre
 12291 | D:11     | Found a staircase to the Orcish Mines.
 12296 | D:11     | Noticed a brown ugly thing
 12311 | D:11     | Killed a brown ugly thing
 12736 | D:11     | Reached skill level 11 in Spellcasting
 12932 | D:11     | Found a staircase to the Lair.
 13201 | Lair:1   | Entered Level 1 of the Lair of Beasts
 13237 | Lair:1   | Reached XP level 12. HP: 92/101 MP: 10/27
 13583 | Lair:1   | Noticed Erica
 13584 | Lair:1   | Noticed Urug
 13602 | Lair:1   | Killed Erica
 13603 | Lair:1   | Reached skill level 5 in Maces & Flails
 13604 | Lair:1   | Killed Urug
 14042 | Lair:1   | Found a shimmering altar of Xom.
 14454 | Lair:2   | Found a staircase to the Shoals.
 15459 | Lair:3   | Reached skill level 5 in Translocations
 15564 | Lair:3   | Noticed a five-headed hydra
 15579 | Lair:3   | Killed a five-headed hydra
 16089 | Lair:3   | Found an ornate altar of the Wu Jian Council.
 16089 | Lair:3   | Found a hide-covered altar of Uskayaw.
 16093 | Lair:3   | Noticed a boulder beetle
 16110 | Lair:3   | Killed a boulder beetle
 16238 | Lair:3   | Reached skill level 12 in Spellcasting
 16257 | Lair:3   | Reached XP level 13. HP: 102/107 MP: 11/29
 16544 | Lair:3   | Found a runed translucent gate.
 16544 | Lair:3   | Found a runed translucent gate.
 16544 | Lair:3   | Found a runed translucent gate.
 16637 | Lair:3   | Noticed kougar's ghost (journeyman TrFi)
 16638 | Lair:3   | Noticed a minotaur
 16702 | Lair:3   | Found a hole to the Spider Nest.
 18959 | Lair:5   | Entered Level 5 of the Lair of Beasts
 19525 | Lair:4   | Reached skill level 10 in Maces & Flails
 20695 | D:9      | Bought the +7 great mace "Firestarter" {flame, immolate,
                  | rFlCloud rF++} for 1993 gold pieces
 20695 | D:9      | Found the +7 great mace "Firestarter" {flame, immolate,
                  | rFlCloud rF++}
 20973 | Lair:5   | Reached XP level 14. HP: 42/115 MP: 9/30
 21156 | Lair:5   | Killed by an exploding tyrant leech... ignited by their
                  | inner flame

Illustrated notes

Levels and vault maps discovered:
D:1:      dpeg_arrival_simpleton_a, layout_basic,
          chequers_serial_rivers_micro_c, st_stairs_12, nrook_loot_triangle,
          hangedman_decor_growths
D:2:      layout_rooms, shapermc_ecumenical_altar_venn, basic_altar,
          serial_bayou_pond_a, uniq_sigmund
D:3:      layout_loops_ring, okawaru_metal_pillars_1_2, amcnicky_altar_gilded,
          mainiacjoe_overflow_alcove_2
D:4:      layout_cave_pools, mainiacjoe_overflow_chevrons,
          lemuel_coloured_pillars_altar, kennysheep_mini,
          minmay_temple_entry_enclosed_plants,
          serial_library_hellmonk_hallway_a, hangedman_decor_riveting,
          minmay_hedge_maze, grunt_decor_mini_mirrors, kennysheep_nub,
          minmay_misc_feat_x
D:5:      layout_basic, nicolae_overflow_crystal_walls, grunt_decor_arrowhead,
          uniq_blork_the_orc, uniq_prince_ribbit1
D:6:      layout_loops_corners, nicolae_dithmenos_through_a_glass_darkly,
          uniq_jeremiah, uniq_menkaure
D:7:      layout_basic
D:8:      minmay_the_grid_triangle_9x9_rhombus_full
          [minmay_the_grid_triangle_9x9_cache,
          minmay_the_grid_triangle_9x9_alien,
          minmay_the_grid_triangle_9x9_sparse_checkered,
          minmay_the_grid_triangle_9x9_warning,
          minmay_the_grid_triangle_9x9_corrupted_corridor,
          minmay_the_grid_triangle_9x9_sprig,
          minmay_the_grid_triangle_9x9_thin_v,
          minmay_the_grid_triangle_9x9_prize_center], layout_cave_pods,
          general_overflow_altar, nicolae_stop_n_shop_1, minmay_splitting_lines
D:9:      layout_cave_pools, kennysheep_slug_shrine, zin_angel,
          kiku_gazebo_garden_becter, mainiacjoe_overflow_large_starburst,
          nicolae_stop_n_shop_1, uniq_erolcha
D:10:     layout_roguey, mainiacjoe_overflow_24_doors,
          nicolae_ru_sacrificial_ziggurat, serial_shops, nicolae_shop_crystal,
          uniq_harold
D:11:     layout_basic, erik_lair_dragon, minmay_orc_entry_temple_small
Lair:1:   layout_misc_corridors, lemuel_oklob_altar, uniq_erica, uniq_urug
Lair:2:   layout_long_grid, minmay_shoals_entry_centaurs
Lair:3:   layout_chaotic_city, nicolae_spider_entry_lesser_pyramids,
          maelrawn_ghost_gauntlet_escape, nzn_masters_of_martial_movement
Lair:4:   layout_loops_ring, serial_bayou_shore_b, infiniplex_staircase_pool_2,
          grunt_megastairs_2
Lair:5:   minmay_lair_end_frog_pond, layout_long_grid, slime_entry_1

Skill      XL: |  1  2  3  4  5  6  7  8  9 10 11 12 13 |
---------------+----------------------------------------+-----
Spellcasting   | 3 4 6 7 9 11 12 | 12.0
Conjurations   | 5 6 7 8 |  8.0
Translocations | 1 2 3 4 5 8 |  8.0
Alchemy        | 1 2 3 4 6 8 |  8.0
Dodging        | 3 4 6 8 |  8.0
Stealth        | 3 5 6 |  6.0
Fighting       | 3 5 6 7 8 |  8.0
Maces & Flails | 4 6 11 | 11.8

Action                     |  1- 3 |  4- 6 |  7- 9 | 10-12 | 13-15 || total
---------------------------+-------+-------+-------+-------+-------++-------
  Melee: Unarmed           |     2 |    10 |       |       |       ||    12
         Tailslap          |       |     3 |     5 |    55 |    69 ||   132
         Dagger            |       |     5 |    32 |     7 |       ||    44
         Falchion          |       |       |       |    27 |       ||    27
         Whip              |       |       |       |   218 |   289 ||   507
         Punch             |       |       |       |     5 |     2 ||     7
         Great mace        |       |       |       |       |    41 ||    41
   Cast: Magic Dart        |    32 |    39 |     5 |       |       ||    76
         Searing Ray       |     8 |    17 |    58 |    35 |     6 ||   124
         Fulminant Prism   |       |       |    10 |   148 |    56 ||   214
         Iskenderun's Myst |       |       |       |    25 |    31 ||    56
 Invoke: Potion Petition   |       |       |       |     1 |       ||     1
    Use: Potion            |     1 |       |       |     6 |     1 ||     8
         Scroll            |       |     7 |     3 |    15 |     7 ||    32
   Stab: Sleeping          |       |       |       |       |     1 ||     1
 Armour: Skin              |     9 |    21 |    78 |   290 |   356 ||   754
  Dodge: Dodged            |     4 |    17 |    73 |   216 |   249 ||   559
